 Dungeon Crawl Stone Soup version 0.28.0-53-g5a82cb258f (webtiles) character file.

Game seed: 8246771431977248629

15 Sin92 the Skirmisher (level 2, -1/24 HPs)
             Began as a Demonspawn Fighter on July 5, 2022.
             Slain by an orc
             ... wielding a +0 dagger
              (2 damage)
             ... on level 2 of the Dungeon.
             The game lasted 00:00:21 (206 turns).

Sin92 the Skirmisher (Demonspawn Fighter)            Turns: 206, Time: 00:00:22

Health: -1/24      AC:  6    Str: 16    XL:     2   Next: 34%
Magic:  2/2        EV:  9    Int:  9    God:
Gold:   8          SH:  4    Dex: 12    Spells: 1/1 levels left

rFire   . . .      SeeInvis .   a - +0 long sword
rCold   . . .      Faith    .   c - +0 buckler
rNeg    . . .      Spirit   .   b - +0 scale mail
rPois   .          Reflect  .   (no helmet)
rElec   .          Harm     .   (no cloak)
rCorr   .          Rampage  .   (no gloves)
Will    .....                   (no boots)
Stlth   ..........              (no amulet)
HPRegen 0.08/turn               (no ring)
MPRegen 0.08/turn               (no ring)

@: mighty
A: weakness stinger 1
a: no special abilities


You were on level 2 of the Dungeon.
You visited 1 branch of the dungeon, and saw 2 of its levels.

You collected 8 gold pieces.

Inventory:

Hand Weapons
 a - a +0 long sword (weapon)
Armour
 b - a +0 scale mail (worn)
 c - a +0 buckler (worn)


   Skills:
 + Level 3.1 Fighting
 + Level 2.0 Long Blades
 + Level 2.8 Armour
 + Level 0.5 Dodging
 + Level 2.8 Shields


You had one spell level left.
You didn't know any spells.
Your spell library was empty.

Dungeon Overview and Level Annotations

Branches:
Dungeon (1/15)

Altars:


Innate Abilities, Weirdness & Mutations

You have a small tail.


Message History

The orc hits you but does no damage. The orc hits you with a +0 dagger.
The orc hits you but does no damage. The orc barely misses you. x2
Unknown command.
There are monsters nearby!
You hit the orc.
You tail-slap the orc, but do no damage.
The orc is moderately wounded.
The orc hits you with a +0 club. The orc hits you with a +0 whip.
The orc hits you but does no damage. x3; The orc hits you with a +0 whip.
* * * LOW HITPOINT WARNING * * *
You are too injured to fight recklessly!
Unknown command.
There are monsters nearby!
You are too injured to fight recklessly!
Unknown command.
There are monsters nearby!
You are too injured to fight recklessly!
Unknown command.
There are monsters nearby!
You are too injured to fight recklessly!
Unknown command.
There are monsters nearby!
You are too injured to fight recklessly!
The bat barely misses you. The orc hits you with a +0 dagger.
* * * LOW HITPOINT WARNING * * *
The orc hits you but does no damage.
The iguana bites you but does no damage.
The orc hits you but does no damage. The bat hits you but does no damage.
The iguana bites you.
* * * LOW HITPOINT WARNING * * *
The bat barely misses you.
Found 13 bolts.
The bat hits you but does no damage. The bat barely misses you.
The bat hits you but does no damage.
You feel very mighty all of a sudden. You block the rat's attack.
You hit the rat.
You kill the rat!
The orc hits you with a +0 dagger.
You die...

(......
#.......#
#.......#
........#
#.......#
#.......#
###b......##
#ooo........
#@#......###.
#.#.o........
####.#o.....#.#
.......†....#
........##.##
......... ...
........## .#.#
........# .# ..
......... # #


You could see 3 orcs and a bat.

Vanquished Creatures
  3 ball pythons
  An endoplasm (D:1)
  2 goblins (D:1)
  A hobgoblin (D:1)
  2 quokkas
  2 kobolds (D:1)
  2 rats
13 creatures vanquished.

Notes
Turn   | Place    | Note
-------+----------+-------------------------------------------
     0 | D:1      | Sin92 the Demonspawn Fighter began the quest for the Orb.
     0 | D:1      | Reached XP level 1. HP: 18/18 MP: 1/1
   155 | D:1      | Discovered your monstrous ancestry.
   155 | D:1      | Gained mutation: You have a small tail. [demonic ancestry]
   155 | D:1      | Reached XP level 2. HP: 22/24 MP: 2/2
   190 | D:1      | You fall into a shaft and drop 1 floor!
   200 | D:2      | HP: 1/24 [iguana (4)]
   206 | D:2      | Slain by an orc

Illustrated notes

Levels and vault maps discovered:
D:1:      sevenhm_arrival_forest_fort_small_6, layout_loops_ring,
          chequers_serial_rivers_micro_e
D:2:      layout_basic, basic_altar

Skill      XL: |  1  2 |
---------------+-------+-----
Long Blades    | 2 |  2.0
Fighting       | |  3.1
Armour         | |  2.8
Dodging        | |  0.5
Shields        | |  2.8

Action                   || total
-------------------------++-------
Melee: Long sword        ||    35
       Tailslap          ||     1
  Use: Potion            ||     1
Armor: Scale mail        ||    31
Dodge: Dodged            ||    30
Block: Buckler           ||    12
